 Dungeon Crawl Stone Soup version 0.16-a0-3770-gc215ce9 (webtiles) character file.

227 Sixotanaka the Slasher (level 5, -7/61 HPs)
             Began as a Demonspawn Berserker on Jan 24, 2015.
             Was a Priest of Trog.
             Mangled by an orc
             ... wielding a +2 flail of protection
              (8 damage)
             ... on level 4 of the Dungeon.
             The game lasted 00:11:55 (3867 turns).

Sixotanaka the Slasher (Demonspawn Berserker)       Turns: 3867, Time: 00:11:55

Health: -7/61      AC:  5    Str: 24    XL:     5   Next: 70%
Magic:  5/5        EV: 11    Int:  8    God:    Trog [***...]
Gold:   150        SH:  0    Dex: 17    Spells: 0 memorised, 4 levels left

rFire  + + .     SeeInvis .     a - +0 falchion
rCold  . . .     Clarity  .     p - +0 ring mail (curse)
rNeg   . . .     SustAb   .     (no shield)
rPois  .         Gourm    .     (helmet restricted)
rElec  .         Spirit   .     (no cloak)
rCorr  .         Warding  .     (no gloves)
rMut   .         Stasis   .     (no boots)
MR     ++...                    (no amulet)
Stlth  ..........               j - ring of protection from fire
                                c - +5 ring of dexterity

@: berserking (expiring), lethally poisoned, regenerating, very quick, very
resistant to hostile enchantments, extremely unstealthy
A: hooves 1, horns 2, fire resistance 1
a: Burn Spellbooks, Berserk, Trog's Hand, Renounce Religion


You were on level 4 of the Dungeon.
You worshipped Trog.
Trog was most pleased with you.
You were hungry.

You visited 1 branch of the dungeon, and saw 4 of its levels.

You collected 150 gold pieces.


Innate Abilities, Weirdness & Mutations

You have large cloven feet.
You have a pair of horns on your head.
Your flesh is heat resistant.


   Skills:
 - Level 3.0 Fighting
 + Level 5.9 Long Blades
 - Level 1.7 Armour
 - Level 1.7 Dodging


You had 4 spell levels left.
You didn't know any spells.

Dungeon Overview and Level Annotations

Branches:
Dungeon (4/15)
 Temple: D:4-7

Altars:
Trog

Shops:
D:4 :

Inventory:

Hand weapons
 a - a +0 falchion (weapon)
Missiles
 f - 22 poisoned needles
 m - 116 stones (quivered)
 q - 2 curare-tipped needles
 w - 5 tomahawks
Armour
 p - a cursed +0 ring mail (worn)
Jewellery
 c - a +5 ring of dexterity (left hand)
 i - an uncursed ring of see invisible
 j - a ring of protection from fire (right hand)
Scrolls
 e - 5 scrolls of identify {unknown}
 h - 2 scrolls of remove curse {unknown}
 k - a scroll of blinking {unknown}
 n - a scroll of enchant weapon {unknown}
 r - a scroll of recharging {unknown}
 u - a scroll of magic mapping {unknown}
 x - 3 scrolls of random uselessness {unknown}
Potions
 d - a potion of cure mutation {unknown}
 l - 2 potions of cancellation {unknown}
 o - a potion of magic {unknown}
 s - a potion of heal wounds {unknown}
 t - a potion of degeneration {unknown}
 v - a potion of brilliance {unknown}
Comestibles
 g - 3 beef jerkies

#. #.# .# #. #.####.
#.##.##.. #%##.##.#
#####.##.##.#
.#..........h#
.............h#
##.......†ooh########
...#....#.#<..h@....hhh.
....#.#.##.##.#)#######.#
......................
.##.###o#.###...#######
..........# #...#
###....K..###...##
#.o.............
#.#.#'###....#.#######
.s.o...................


You could see 2 orcs and 7 jackals.


Message History

The jackal bites you but does no damage. x2
The worker ant bites you but does no damage.
Use which ability? (? or * to list)
Your skin crawls.
You feel resistant to hostile enchantments.
You feel slightly more hungry.
You feel sick.
The jackal bites you but does no damage. x3
The worker ant bites you.
* * * LOW HITPOINT WARNING * * *
You are more poisoned.
The worker ant poisons you!
Use which ability? (? or * to list)
A red film seems to cover your vision as you go berserk!
You feel yourself moving faster!
You feel mighty!
You feel somewhat more hungry.
You feel sick.
The orc shouts!
The jackal closely misses you. The jackal misses you.
The worker ant closely misses you. The orc wizard closely misses you.
The jackal barely misses you.
You barely miss the worker ant.
You feel sick.
The jackal bites you but does no damage.
The worker ant bites you!
* * * LOW HITPOINT WARNING * * *
You are more poisoned.
The worker ant poisons you!
The jackal bites you but does no damage.
You completely miss the worker ant. You headbutt the worker ant!
You feel sick. The jackal bites you.
* * * LOW HITPOINT WARNING * * *
The jackal bites you.
* * * LOW HITPOINT WARNING * * *
A jackal comes into view.
Unknown command.
You slash the worker ant!
* * * LOW HITPOINT WARNING * * *
You feel sick. The jackal closely misses you. The worker ant barely misses you.
The jackal closely misses you.
You hit the worker ant. You headbutt the worker ant. Trog accepts your kill.
* * * LOW HITPOINT WARNING * * *
You feel sick.
The jackal bites you but does no damage.
The jackal barely misses you. The orc misses you.
A jackal comes into view.
You closely miss the orc wizard. You kick the orc wizard.
You headbutt the orc wizard.
* * * LOW HITPOINT WARNING * * *
You feel sick. The jackal barely misses you. The jackal misses you.
A jackal comes into view.
* * * LOW HITPOINT WARNING * * *
You feel sick.
The jackal barks!
You feel a strong urge to attack something.
A jackal comes into view.
* * * LOW HITPOINT WARNING * * *
You feel sick.
The jackal barks!
A jackal comes into view.
You hit the orc wizard.
* * * LOW HITPOINT WARNING * * *
You feel sick.
The jackal bites you but does no damage. x2
You slash the orc wizard! Trog accepts your kill.
Trog appreciates your killing of a magic user.
Your life force feels restored.
* * * LOW HITPOINT WARNING * * *
You feel sick.
The orc hits you with a flail of protection!
You die...

Action                   |  1- 3 |  4- 6 || total
-------------------------+-------+-------++-------
Melee: Falchion          |   142 |   118 ||   260
Throw: Stone             |    21 |     2 ||    23
Invok: Berserk           |     6 |     5 ||    11
       Trog's Hand       |       |     5 ||     5
 Stab: Sleeping          |     1 |       ||     1
  Eat: Chunk             |     6 |     5 ||    11
       Bread ration      |     1 |     1 ||     2

Vault maps used:
D:1:      arrival_aquarium_b, hangedman_abyss_or_decor_stabs,
          serial_bayou_ford_a, minmay_misc_feat_tower, minivault_27,
          grunt_decor_cap, minmay_misc_feat_square
D:2:      first_bread
D:3:      lemuel_doored_altar, grunt_decor_mini_mirrors,
          kennysheep_generic_room_4
D:4:      gup_sewer_entry_glass, serial_shops, shop, nemelex_dance_club_becter,
          uniq_grinder

Notes
Turn   | Place    | Note
--------------------------------------------------------------
     0 | D:1      | Sixotanaka, the Demonspawn Berserker, began the quest for the Orb.
     0 | D:1      | Reached XP level 1. HP: 18/18 MP: 1/1
     3 | D:1      | Noticed an electric eel
     3 | D:1      | Noticed an electric eel
   212 | D:1      | Reached skill level 3 in Long Blades
   351 | D:1      | Gained mutation: Your flesh is heat resistant. [demonic ancestry]
   351 | D:1      | Reached XP level 2. HP: 14/24 MP: 2/2
  1187 | D:1      | Acquired Trog's second power
  1334 | D:1      | Gained mutation: You have large cloven feet. [demonic ancestry]
  1334 | D:1      | Reached XP level 3. HP: 25/29 MP: 3/3
  2148 | D:2      | Reached skill level 4 in Long Blades
  2452 | D:2      | Gained mutation: You have a pair of small horns on your head. [demonic ancestry]
  2452 | D:2      | Reached XP level 4. HP: 25/35 MP: 4/4
  2748 | D:2      | You fall through a shaft for 2 floors!
  2762 | D:4      | Found Qiusupt's Book Emporium.
  3136 | D:3      | Found a bloodstained altar of Trog.
  3167 | D:3      | Reached skill level 5 in Long Blades
  3289 | D:3      | Gained mutation: You have a pair of horns on your head. [demonic ancestry]
  3289 | D:3      | Reached XP level 5. HP: 41/41 MP: 5/5
  3859 | D:4      | HP: 9/61 [worker ant (7)]
  3860 | D:4      | HP: 3/61 [jackal (2)]
  3865 | D:4      | HP: 2/61 [poisoned by a worker ant]
  3867 | D:4      | Mangled by an orc

Vanquished Creatures
  An iguana (D:3)
  A worker ant (D:4)
  An orc wizard (D:4)
  3 adders
  4 worms (D:2)
  6 giant geckos
  2 oozes (D:1)
  7 orcs (D:3)
  9 bats
  11 goblins
  7 hobgoblins
  7 jackals (D:2)
  3 quokkas
  2 giant cockroaches (D:2)
  4 giant newts (D:1)
  10 kobolds
  A quokka skeleton (D:4)
  9 rats
88 creatures vanquished.
